[Event "Satka Autumn 2018"]
[Site "Satka"]
[Date "2018.09.14"]
[Round "4"]
[White "Kovanova, Baira"]
[Black "Matsenko, Elena"]
[Result "1-0"]
[ECO "A06"]
[WhiteElo "2363"]
[BlackElo "1854"]
[Annotator "NA"]
[PlyCount "109"]
[EventDate "2018.09.11"]
[EventType "swiss"]
[EventCountry "RUS"]
[SourceTitle "playchess.com"]
[Source "ChessBase"]
[SourceQuality "1"]
[TimeControl "40/5400+30:1800+30"]

1. Nf3 d5 2. g3 c6 3. Bg2 Bf5 4. d3 Nf6 5. O-O e6 6. b3 h6 7. Bb2 Be7 8. Nbd2 O-O 9. c4 Nbd7 10. Qc2 a5 11. a3 {[%emt 0:00:56] LiveBook: 174 Partien} Qc7 {[%emt 0:03:14] A12: English Opening: 1...c6 with b3 by White} 12. cxd5 exd5 13. Rfe1 Bh7 14. e4 dxe4 15. dxe4 Rfe8 {[%emt 0:04:02] [#]} 16. Nd4 $146 ({Predecessor:} 16. Qc3 Bf8 17. Nd4 Nc5 18. f3 Rad8 19. Rad1 {1-0 (29) Drasko,M (2521)-Reinhart,E (2266) Paris 2006}) 16... Bc5 17. Bc3 Ne5 18. b4 axb4 19. axb4 Rxa1 20. Rxa1 Bb6 21. N2b3 Qd6 22. Rd1 (22. Nc5 $5) 22... Rd8 23. f4 Ned7 24. Kh1 Qe7 25. f5 Ne5 26. Qe2 h5 27. Rf1 Qd6 28. Qd2 Qe7 29. Qg5 Rd7 30. Ra1 Rd8 31. Rf1 Rd7 32. Ra1 Rd8 33. h3 Qd6 34. Rf1 Qe7 35. Qh4 Rd7 36. Ra1 Rd8 37. Rf1 Rd7 38. Ra1 Rd8 39. Qg5 Qd6 40. Qf4 Qe7 41. Rf1 Nd3 42. Qd2 Ne5 43. Ba1 Bc7 44. Qc3 Bd6 $11 45. Nc5 Bb8 46. Nf3 Nxf3 47. Bxf3 Bxg3 48. e5 Ne8 49. Bxh5 Qh4 50. Bg4 Rd5 51. Qe3 f6 52. exf6 Nxf6 53. Bxf6 gxf6 54. Qe8+ Kg7 55. Ne6+ 1-0

[Event "Satka Autumn 2018"]
[Site "Satka"]
[Date "2018.09.14"]
[Round "4"]
[White "Makarenko, Alexandra"]
[Black "Mikheeva, Galina"]
[Result "1-0"]
[ECO "C61"]
[WhiteElo "2247"]
[BlackElo "1767"]
[Annotator "NA"]
[PlyCount "135"]
[EventDate "2018.09.11"]
[EventType "swiss"]
[EventCountry "RUS"]
[SourceTitle "playchess.com"]
[Source "ChessBase"]
[SourceQuality "1"]
[TimeControl "40/5400+30:1800+30"]

1. e4 e5 2. Nf3 Nc6 3. Bb5 Nd4 4. Nxd4 exd4 5. Bc4 h5 6. d3 {[%emt 0:00:40] C61: Spanische Partie (Bird-Verteidigung)} Bc5 {[%emt 0:01:09] LiveBook: 11 Games} 7. Qf3 Qf6 8. Nd2 d6 $146 ({Vorgänger:} 8... c6 9. a3 Ne7 10. b4 Bb6 11. Bb2 d5 12. Qxf6 gxf6 13. exd5 cxd5 {1-0 (47) Boruchovsky,A (2558)-Gurbanov,A (2335) Jerusalem 2018}) 9. O-O Bg4 10. Qxf6 Nxf6 11. f4 Be6 12. Bxe6 fxe6 13. Nb3 Bb6 14. h3 O-O 15. Bd2 Rac8 16. a4 a6 17. Rae1 Nd7 18. Re2 c5 19. Na5 Bxa5 20. Bxa5 b6 21. Be1 Rc6 22. Bh4 e5 23. f5 Kf7 24. b3 Nf6 25. Kh2 Rc7 26. Ra1 Ra8 27. Kg3 Rca7 28. Kf3 Rh8 29. Rh1 b5 30. a5 Raa8 31. Ree1 Rh7 32. Rhg1 Rhh8 33. g3 Rab8 34. Bg5 Rbc8 35. Rb1 Rc7 36. Rge1 b4 37. Rh1 Rcc8 38. g4 Rb8 39. Bd2 Rb5 40. g5 Nd7 41. g6+ Ke7 42. Bg5+ Ke8 43. Ra1 Rb7 44. Kg3 Rb5 45. Kh4 Rb7 46. Rhg1 Kf8 47. Rg2 Nf6 48. Rag1 Kg8 49. Rg3 Rc7 50. Bxf6 gxf6 51. Rg5 Kg7 $2 (51... fxg5+ $11 52. Kxg5 h4) 52. Rxh5 $18 Rxh5+ 53. Kxh5 Rc8 54. Kg4 Rh8 55. Kg3 Rh5 56. Kh2 d5 57. exd5 Rxf5 58. d6 Rh5 59. Rg4 Rh8 60. h4 f5 61. Rg5 Rxh4+ 62. Kg3 Rh8 63. Rxf5 Kxg6 64. Rxe5 Rd8 65. Rxc5 Rxd6 66. Kf4 Kf6 67. Rc4 Ke6 68. Ke4 {[%emt 0:00:21] Ke5+} 1-0

[Event "Satka Autumn 2018"]
[Site "Satka"]
[Date "2018.09.14"]
[Round "4"]
[White "Schepetkova, Margarita"]
[Black "Semenova, Elena"]
[Result "1/2-1/2"]
[ECO "D26"]
[WhiteElo "2238"]
[BlackElo "2219"]
[Annotator "NA"]
[PlyCount "149"]
[EventDate "2018.09.11"]
[EventType "swiss"]
[EventCountry "RUS"]
[SourceTitle "playchess.com"]
[Source "ChessBase"]
[SourceQuality "1"]
[TimeControl "40/5400+30:1800+30"]

1. d4 d5 2. c4 dxc4 3. e3 Nf6 4. Bxc4 e6 5. Nf3 c5 6. O-O cxd4 7. exd4 Be7 8. Nc3 O-O 9. Bg5 Nc6 10. Qd2 {[%emt 0:00:57] LiveBook: 24 Games} a6 11. Rad1 b5 12. Bd3 Nb4 {[%emt 0:02:53] D27: Angenommenes Damengambit (Hauptvariante 7.e4, 7.a4)} 13. Bb1 Bb7 14. Qf4 Nbd5 $146 ({Vorgänger:} 14... g6 15. Bxf6 Bxf6 16. Be4 Bxe4 17. Qxe4 Rc8 18. Ne5 Nd5 19. Nxd5 exd5 20. Qd3 {½-½ (33) Cramling,P (2492)-Zambrana,O (2409) Las Palmas 2005}) 15. Qh4 g6 16. Nxd5 Nxd5 17. Bxe7 Qxe7 18. Ng5 h5 19. Rfe1 Qf6 20. Qg3 Qf4 21. Ne4 Qxg3 22. hxg3 Ne7 23. Nc5 Bd5 24. Rc1 Rfd8 25. Red1 a5 26. Bd3 Bc6 27. Be2 Rd6 28. Bf3 Bxf3 29. gxf3 Rc8 30. Nb7 ({White should play} 30. a3 $15) 30... Rxc1 31. Rxc1 Rxd4 32. Rc5 Rb4 33. b3 a4 34. bxa4 bxa4 35. Rc7 Nd5 36. Rc8+ Kg7 37. Nc5 Rb1+ 38. Kg2 Rb2 39. a3 Ra2 40. Nxa4 Rxa3 41. Nb2 Rb3 42. Rc2 g5 43. Rd2 Rb4 44. Re2 Rd4 45. Re4 Rxe4 46. fxe4 Nc3 47. Kf3 Kf6 48. Nd3 Nb5 49. Ke3 Na7 50. Nb4 Nc8 51. f4 Ne7 52. fxg5+ Kxg5 53. Kf3 Ng6 54. Nc6 Kf6 55. Nb8 Ke5 56. Nd7+ Kd4 57. Nf6 h4 58. gxh4 Nxh4+ 59. Kf4 Ng6+ 60. Kf3 Ne5+ 61. Kf4 Nd3+ 62. Kf3 Nc5 63. Kf4 Nd3+ 64. Kf3 Ne1+ 65. Kf4 Ng2+ 66. Kf3 Nh4+ $11 67. Kf4 Ng6+ 68. Kf3 e5 69. Kg4 Nf4 70. Kf5 Ne2 71. Ng4 Ng3+ 72. Kf6 Nxe4+ 73. Kxf7 Ng5+ 74. Kg6 Nf3 75. Nxe5 1/2-1/2

[Event "Satka Autumn 2018"]
[Site "Satka"]
[Date "2018.09.14"]
[Round "4"]
[White "Smirnova, Ekaterina"]
[Black "Voit, Daria"]
[Result "1/2-1/2"]
[ECO "E29"]
[WhiteElo "2202"]
[BlackElo "2369"]
[Annotator "NA"]
[PlyCount "124"]
[EventDate "2018.09.11"]
[EventType "swiss"]
[EventCountry "RUS"]
[SourceTitle "playchess.com"]
[Source "ChessBase"]
[SourceQuality "1"]
[TimeControl "40/5400+30:1800+30"]

1. d4 Nf6 2. c4 e6 3. Nc3 Bb4 4. a3 Bxc3+ $1 5. bxc3 c5 6. e3 Nc6 7. Bd3 O-O 8. Ne2 b6 9. e4 Ne8 10. O-O Ba6 11. f4 f5 12. exf5 {[%emt 0:02:55] E29: Nimzo-Indian: Sämisch: 5...0-0 6 e3 c5 7 Bd3 Nc6} (12. e5 d6 13. d5 exd5 14. cxd5 Bxd3 15. Qxd3 dxe5 16. Qd2 Ne7 17. Rd1 Ng6 18. fxe5 Nxe5 19. Nf4 Rf7 {0-1 (57) Carlsen,M (2693)-Aronian,L (2759) Elista 2007}) 12... exf5 13. dxc5 bxc5 14. Ng3 g6 15. Be3 {[%emt 0:00:04] LiveBook: 24 Partien} Qa5 16. Be2 Nf6 17. Qd6 Rfe8 18. Qxf6 {[%emt 0:09:45] [#]} Re6 $2 $146 {[%emt 0:13:05] [#]} (18... Rxe3 $11 {and Black has nothing to worry.} 19. Nxf5 gxf5 20. Qg5+ Kh8 {½-½ (22) Vera Gonzalez Quevedo,R (2495)-Quesada Perez,Y (2546) Santa Clara 2008} 21. Qf6+ Kg8 22. Qg5+ Kh8 23. Qf6+ Kg8) 19. Qg5 $1 Rxe3 {[%emt 0:00:04] [#]} 20. Bf3 $2 ({Only move:} 20. Nxf5 $1 $18 Rxe2 21. Nh6+ Kg7 22. f5 Bxc4 23. fxg6 Rxg2+ 24. Kxg2 hxg6 25. Nf5+ Kf7 26. Ne7+ Ke8 27. Nxc6) 20... Qd8 ({But not} 20... Qxc3 21. Nxf5 Rxf3 22. gxf3 $11) 21. Rfd1 Qxg5 22. fxg5 Bxc4 23. Rxd7 Ne5 24. Rc7 Nxf3+ 25. gxf3 Bd5 26. Rd1 Bb3 27. Rdd7 Rae8 $2 (27... Rxc3 $11 28. Rxh7 Rd8) 28. Rxc5 $2 (28. Rxh7 $18 Kf8 29. Rhg7 (29. Rxa7 Rxf3 30. Ra6 Bf7 $11)) 28... Rxf3 29. Rcc7 Be6 30. Rxh7 Bd5 31. Rcg7+ Kf8 32. Rh8+ Kxg7 33. Rxe8 Rxc3 34. Re7+ Kf8 35. Rxa7 Rc2 36. Rd7 Bf3 37. Rd3 Bb7 38. Rd6 Rg2+ 39. Kf1 Rxh2 $11 40. Rxg6 Ra2 41. Rf6+ Kg8 42. Nxf5 Be4 43. Nd4 Rxa3 44. Kf2 Ra5 45. Ke3 Rxg5 46. Kxe4 Kg7 47. Ra6 Rg1 48. Ne6+ Kf6 49. Nf4+ Ke7 50. Kf5 Rf1 51. Ke5 Re1+ 52. Kd4 Rd1+ 53. Nd3 Kd7 54. Kc4 Ke7 55. Nf2 Rd2 56. Ne4 Rd1 57. Nc3 Rc1 58. Kd4 Kd7 59. Ra7+ Ke6 60. Ra6+ Kd7 61. Ne4 Rd1+ 62. Ke5 Re1 1/2-1/2

[Event "Satka Autumn 2018"]
[Site "Satka"]
[Date "2018.09.14"]
[Round "4"]
[White "Mukhina, Jana"]
[Black "Sosnina, Nadezhda"]
[Result "1/2-1/2"]
[ECO "C74"]
[WhiteElo "2072"]
[BlackElo "1659"]
[Annotator "NA RC"]
[PlyCount "39"]
[EventDate "2018.09.11"]
[EventType "swiss"]
[EventCountry "RUS"]
[SourceTitle "playchess.com"]
[Source "ChessBase"]
[SourceQuality "1"]
[TimeControl "40/5400+30:1800+30"]

1. e4 e5 2. Nf3 Nc6 3. Bb5 a6 4. Ba4 d6 5. c3 f5 6. d4 (6. exf5 $1 $14 Bxf5 7. O-O) 6... fxe4 7. Nxe5 dxe5 8. Qh5+ Ke7 {[%emt 0:01:13] LiveBook: 5 Games} 9. Bxc6 bxc6 10. Bg5+ ({Avoid the trap} 10. Qxe5+ $2 Kf7 $19) 10... Nf6 11. dxe5 Qd5 12. Bh4 $1 Ke6 13. Bxf6 $1 gxf6 14. Qe8+ Kf5 15. Qh5+ Ke6 16. Qe8+ Kf5 17. Qh5+ Ke6 18. Qe8+ Kf5 19. Qh5+ Ke6 $11 20. Qe8+ 1/2-1/2

[Event "Satka Autumn 2018"]
[Site "Satka"]
[Date "2018.09.14"]
[Round "4"]
[White "Filippova, Darya"]
[Black "Charochkina, Daria"]
[Result "0-1"]
[ECO "A06"]
[WhiteElo "2061"]
[BlackElo "2336"]
[Annotator "NA"]
[PlyCount "70"]
[EventDate "2018.09.11"]
[EventType "swiss"]
[EventCountry "RUS"]
[SourceTitle "playchess.com"]
[Source "ChessBase"]
[SourceQuality "1"]
[TimeControl "40/5400+30:1800+30"]

1. Nf3 d5 2. e3 Nf6 3. c4 c6 4. Nc3 e6 5. b3 Nbd7 6. Qc2 {[%emt 0:01:45] A11: English Opening: 1...c6} Bd6 7. Be2 O-O 8. O-O Qe7 9. Bb2 Re8 (9... b6 10. cxd5 cxd5 11. Nb5 Ba6 12. Qd1 Bxb5 13. Bxb5 a6 14. Be2 Ba3 15. Qc1 Bxb2 16. Qxb2 {½-½ (33) Ivanchuk,V (2728)-Duda,J (2707) Tbilisi 2017}) 10. Rac1 {[%emt 0:04:47] LiveBook: 4 Games} Nf8 11. d4 Ng6 12. Rfd1 $146 ({Predecessor:} 12. Bd3 b6 13. Rfe1 Bb7 14. e4 dxe4 15. Nxe4 Nxe4 16. Bxe4 Ba3 17. Bxa3 Qxa3 18. Ne5 Nxe5 19. Bxh7+ Kh8 20. dxe5 g6 21. Bxg6 fxg6 22. Qxg6 {1-0 (22) Voskanyan,V (2222)-Libersan,T (2090) Montreal 2015}) 12... b6 13. Na4 Bb7 14. Ne5 Bxe5 15. dxe5 Nd7 16. f4 f6 17. exf6 Nxf6 18. Bd3 Qf7 19. Rf1 c5 20. Nc3 Rad8 21. Rce1 Nh4 22. Re2 (22. cxd5 $11 exd5 23. g3) 22... Qh5 23. h3 d4 24. exd4 cxd4 25. Re5 Qh6 26. Ne4 Nf5 27. Ng5 $1 Ne3 {[%emt 0:01:31] [#]} 28. Rxe3 $1 dxe3 29. Qe2 e5 30. fxe5 Qxg5 31. exf6 gxf6 $19 32. g4 Qh4 33. Kh2 Rxd3 34. Bxf6 Qxf6 35. Qxd3 Qe5+ 0-1

[Event "Satka Autumn 2018"]
[Site "Satka"]
[Date "2018.09.14"]
[Round "4"]
[White "Mironenko, Galina"]
[Black "Svetlova, Ksenia"]
[Result "1-0"]
[ECO "A52"]
[WhiteElo "2021"]
[BlackElo "1696"]
[Annotator "NA"]
[PlyCount "149"]
[EventDate "2018.09.11"]
[EventType "swiss"]
[EventCountry "RUS"]
[SourceTitle "playchess.com"]
[Source "ChessBase"]
[SourceQuality "1"]
[TimeControl "40/5400+30:1800+30"]

1. d4 Nf6 2. c4 e5 3. dxe5 Ng4 4. Bf4 Nc6 5. Nf3 Bb4+ $1 6. Nbd2 Qe7 7. e3 Ngxe5 8. Nxe5 Nxe5 9. Be2 O-O 10. O-O Bxd2 11. Qxd2 d6 {[%emt 0:00:31] LiveBook: 66 Games} 12. Rfd1 Be6 {[%emt 0:01:25] A52: Budapest Gambit} (12... a5 $11 13. b3 b6 14. a3 Be6 15. Qc3 f6 16. b4 axb4 17. axb4 Bf7 18. Bg3 Qe6 19. c5 bxc5 20. bxc5 {½-½ (52) Ladva,O (2411)-Miezis,N (2508) Viljandi 2015}) 13. c5 Rfd8 14. Qc3 f6 $146 ({Predecessor:} 14... Ng6 15. cxd6 cxd6 16. Bg3 Rac8 17. Qb4 d5 18. Qd4 Qc5 19. Qxc5 Rxc5 20. Rac1 {1-0 (41) Osorio Ramos,F (1834)-Calderon Martin,A (1679) Madrid 2016}) 15. cxd6 cxd6 16. Qb4 Rac8 17. Rd2 Rc7 18. Rad1 a6 19. h3 Rcd7 20. Bg3 Nc6 21. Qb6 d5 22. Bxa6 Ne5 23. Be2 Rc8 (23... Nc4 $16 24. Bxc4 dxc4) 24. Qd4 Bf7 25. Qa4 Rdc7 26. b3 Rc5 27. Bg4 b5 28. Qd4 Ra8 29. Bxe5 fxe5 30. Qb4 Qc7 31. Bf3 e4 32. Be2 Rb8 33. f3 Rc2 34. fxe4 Rxd2 35. Qxd2 dxe4 36. Bxb5 Bxb3 37. Rc1 Qb6 38. Bc4+ Bxc4 39. Rxc4 Qb1+ 40. Kh2 Qd3 41. Rd4 Qxd2 42. Rxd2 Ra8 43. Kg3 Kf7 44. Kf4 Ra4 45. Ke5 Ke7 46. Kd5 Kf6 47. Kc5 Ke5 48. Kb5 Ra3 49. Re2 h5 50. Kb4 Rd3 51. a4 Kd5 52. a5 Rd1 53. Rb2 Ra1 54. Kb5 Ra3 55. Rd2+ Ke5 56. Re2 Kd5 57. Kb4 Ra1 58. Rd2+ Ke5 59. Kb5 Ra3 60. Re2 Kd5 61. a6 Rb3+ 62. Ka4 Rb1 63. Rc2 Ra1+ 64. Kb5 Rb1+ 65. Ka5 Ra1+ 66. Kb6 Rb1+ 67. Kc7 Ra1 68. Rc6 Ra3 $18 69. Kb7 Rxe3 70. a7 Rb3+ 71. Rb6 Ra3 72. Ra6 Rxa6 73. Kxa6 Kd4 74. a8=Q e3 75. Qf3 {[%emt 0:00:08] Kd5 [%clk 0:01:47]} 1-0

[Event "Satka Autumn 2018"]
[Site "Satka"]
[Date "2018.09.14"]
[Round "4"]
[White "Stroganova, Karina"]
[Black "Sosnina, Ekaterina"]
[Result "1-0"]
[ECO "B21"]
[WhiteElo "1711"]
[BlackElo "1955"]
[Annotator "NA"]
[PlyCount "77"]
[EventDate "2018.09.11"]
[EventType "swiss"]
[EventCountry "RUS"]
[SourceTitle "playchess.com"]
[Source "ChessBase"]
[SourceQuality "1"]
[TimeControl "40/5400+30:1800+30"]

1. e4 c5 2. d4 cxd4 3. c3 Nc6 4. cxd4 d5 5. exd5 Qxd5 6. Nf3 {[%emt 0:00:15] LiveBook: 466 Games} Bg4 7. Nc3 Qf5 (7... Bxf3 $1 $14 8. Nxd5 Bxd1 9. Nc7+ (9. Kxd1 O-O-O $17) 9... Kd8 10. Nxa8 Bh5) 8. Be2 (8. d5 $18 Bxf3 9. gxf3) 8... Rd8 9. Qa4 Nf6 10. Be3 e6 11. Ne5 Bxe2 12. Nxc6 bxc6 13. Qxc6+ Nd7 14. Nxe2 $14 Bb4+ 15. Nc3 O-O 16. O-O Nb6 17. a3 Rc8 18. Qb7 Bxc3 19. bxc3 Qa5 20. Bf4 Nd5 21. Bd6 Rfd8 22. Bb4 Qa4 23. Bc5 a5 24. Rfc1 Qc4 25. Qb2 Rb8 26. Qd2 Rb3 27. Rc2 Rxc3 28. Rxc3 Nxc3 29. Bb6 Rd5 30. Qe1 Rb5 31. Ba7 Rb7 32. Bc5 Ne2+ 33. Kh1 Nxd4 34. Rc1 Nc2 35. Qxa5 h6 36. Qa8+ Kh7 37. Qxb7 Qxc5 38. Qe4+ Kg8 39. Rxc2 1-0

[Event "Satka Autumn 2018"]
[Site "Satka"]
[Date "2018.09.14"]
[Round "4"]
[White "Mirgalina, Anna"]
[Black "Nosacheva, Mariya"]
[Result "0-1"]
[ECO "A10"]
[WhiteElo "1339"]
[BlackElo "2073"]
[Annotator "NA RC"]
[PlyCount "74"]
[EventDate "2018.09.11"]
[EventType "swiss"]
[EventCountry "RUS"]
[SourceTitle "playchess.com"]
[Source "ChessBase"]
[SourceQuality "1"]
[TimeControl "40/5400+30:1800+30"]

1. c4 g6 2. g3 Bg7 3. Bg2 e5 4. Nc3 d6 5. Nf3 {[%emt 0:00:36] LiveBook: 416 Games} Nc6 6. d3 f5 7. a3 {[%emt 0:02:57] A26: English Opening vs King's Indian with ...Nc6 and d3} (7. O-O Nf6 8. Rb1 O-O 9. b4 h6 10. b5 Ne7 11. a4 Be6 12. a5 Rc8 13. Nd2 b6 14. Bb2 g5 15. axb6 axb6 16. e3 Qd7 17. f4 Ng6 18. Nd5 Ng4 19. h3 Nf6 {0-1 (51) Eljanov,P (2742)-Radjabov,T (2744) Moscow 2010}) 7... a5 8. Bd2 Nf6 9. O-O O-O 10. e3 $146 ({Predecessor:} 10. Qc1 Ne7 11. Bh6 c6 12. Bxg7 Kxg7 13. e4 h6 14. Re1 g5 15. Nxg5 hxg5 16. Qxg5+ {0-1 (40) Perez Rodriguez,L (2432)-Marull Teixidor,M (2106) Figueres 2004}) 10... h6 11. Ne1 Be6 12. Nc2 Rb8 13. f4 d5 14. cxd5 Nxd5 15. Nxd5 Bxd5 16. Bc3 Bxg2 17. Kxg2 Qd5+ 18. Kg1 Rbd8 19. Ne1 $1 Rfe8 20. Qd2 Kh7 21. Rd1 Qc5 22. Ng2 Rd7 23. fxe5 Nxe5 24. d4 Qb5 25. Qc2 Ng4 26. Rfe1 Re4 27. Re2 Rde7 28. Rde1 h5 29. Qd2 b6 30. Qc1 Qe8 31. Bd2 {[%emt 0:00:59] [#]} (31. Kh1 $17 {was called for.}) 31... Bxd4 $1 32. h3 Nf6 33. Nf4 Bc5 34. Bc3 (34. Qc2 {might work better.}) 34... Rxe3 35. Kf1 (35. Rxe3 $142 Bxe3+ 36. Rxe3 Rxe3 37. Ng2) 35... Rxe2 36. Rxe2 Rxe2 37. Nxe2 Qe4 $19 0-1

[Event "Satka Autumn 2018"]
[Site "Satka"]
[Date "2018.09.14"]
[Round "4"]
[White "Mysova, Svetlana"]
[Black "Simakova, Elena"]
[Result "0-1"]
[ECO "A43"]
[WhiteElo "1017"]
[BlackElo "1935"]
[Annotator "NA RC"]
[PlyCount "46"]
[EventDate "2018.09.11"]
[EventType "swiss"]
[EventCountry "RUS"]
[SourceTitle "playchess.com"]
[Source "ChessBase"]
[SourceQuality "1"]
[TimeControl "40/5400+30:1800+30"]

1. d4 c5 2. c4 cxd4 {[%emt 0:00:30] A30: Symmetrical English: Double Fianchetto and Hedgehog} (2... e6 3. d5 exd5 4. cxd5 d6 5. Nc3 Ne7 6. Nf3 Ng6 7. g3 Be7 8. Bg2 O-O 9. O-O Re8 10. Nd2 f5 11. e3 Nd7 12. Qc2 Nde5 13. Re1 Bf6 {½-½ (39) Oms Pallisse,J (2522)-Narciso Dublan,M (2534) Lleida 2009}) 3. Qxd4 Nc6 4. Qd1 Nf6 5. Nf3 g6 6. e3 Bg7 7. b3 $146 (7. Nc3 $11 {remains equal.}) ({Predecessor:} 7. Be2 O-O 8. O-O d6 9. Nd4 Bd7 10. b3 a6 11. Nxc6 Bxc6 12. Bb2 {0-1 (42) Kizatbay,A (1952)-Ranaldi,L (2269) Stavanger 2017}) 7... Ne4 8. Bd3 $2 (8. Nd4 $17 {nothing else works.}) 8... Bxa1 $2 (8... Nc5 $19 {bietet bessere Gewinnchancen.} 9. Nd4 Nxd4 10. exd4 Bxd4 11. Bxg6 Bxa1 12. Bxf7+ Kxf7 13. Qh5+ Kg8 14. Qxc5 {[#]} d5 $1 ) 9. Bxe4 Bg7 10. O-O O-O 11. Qc2 d6 12. Bb2 Nb4 13. Qe2 Bxb2 14. Qxb2 f5 15. Bc2 Nxc2 16. Qxc2 Bd7 17. Nc3 Rc8 18. Rc1 (18. Qd3 $17) 18... Bc6 19. b4 $2 (19. Qe2) 19... Bxf3 20. gxf3 e6 21. e4 $2 (21. Qb3) 21... fxe4 22. fxe4 (22. Nxe4 $142 d5 23. Nc5) 22... Rxc4 23. Qb3 Qg5+ 0-1